[Event "Titled Tuesday Blitz June 28 Early 2022"]
[White "Jaskolka, Tomasz"]
[Black "Popilski, Gil"]
[WhiteFideId "1170791"]
[BlackFideId "2809060"]
[WhiteElo "2073"]
[BlackElo "2537"]
[Result "0-1"]
[Round "11"]
[TimeControl "180+1"]
[Date "2022.06.28"]
[WhiteClock "0:00:19"]
[BlackClock "0:00:11"]

1. d4 f5 2. Nc3 d5 3. Nf3 Nf6 4. Ne5 e6 5. g3 c5 6. e3 Nc6 7. f4 cxd4 8. exd4 Bb4 9. Be3 Qa5 10. Qd3 Ne4 11. Nxc6 bxc6 12. Bd2 Rb8 13. Bg2 Ba6 14. Qe3 O-O 15. Bxe4 fxe4 16. a3 c5 17. Rb1 cxd4 18. axb4 Qb6 19. Qg1 e3 20. Bc1 Qxb4 21. Bxe3 Qxc3+ 22. bxc3 Rxb1+ 23. Kd2 Rxg1 24. Bxg1 dxc3+ 25. Kxc3 Rc8+ 26. Kd2 Rc7 27. Bd4 Bb5 28. g4 a6 29. Re1 Kf7 30. h4 Ba4 31. c3 Rb7 32. f5 exf5 33. gxf5 Rb2+ 34. Ke3 Bb5 35. Kf4 Re2 36. Rg1 g6 37. f6 Re4+ 38. Kf3 Rxh4 39. Rg5 h6 40. Re5 Re4 41. Rxd5 Re6 42. Rc5 Rc6 43. Rd5 Rxf6+ 44. Bxf6 Bc6 45. Ke4 Bxd5+ 46. Kxd5 Kxf6 47. c4 Ke7 48. Kc6 h5 49. c5 h4 50. Kb6 h3 51. c6 h2 52. c7 h1=Q 53. c8=Q Qb1+ 54. Kxa6 Qa2+ 55. Kb5 Qb3+ 56. Ka5 Qd5+ 57. Kb4 Qe4+ 58. Kc3 Kf6 59. Qf8+ Kg5 60. Qd8+ Kg4 61. Kd2 g5 62. Qd7+ Kf4 63. Qf7+ Kg3 64. Qc7+ Qf4+ 65. Qxf4+ gxf4 66. Ke2 Kg2 67. Ke1 f3 68. Kd2 f2 69. Ke3 f1=Q 70. Kd2 Qf2+ 71. Kc3 Kf3 72. Kd3 Qe3+ 73. Kc4 Ke4 74. Kb5 Qc3 75. Ka4 Kd5 76. Kb5 Qb3+ 77. Ka6 Kc6 78. Ka5 Qa3# 0-1


[Site "https://www.chess.com"]

[Event "Titled Tuesday Blitz June 28 Early 2022"]
[White "Jiganchine, Roman"]
[Black "Dixit, Arun"]
[WhiteFideId "2603667"]
[BlackFideId "30937671"]
[WhiteElo "2286"]
[BlackElo "2377"]
[Result "1-0"]
[Round "11"]
[TimeControl "180+1"]
[Date "2022.06.28"]
[WhiteClock "0:00:11"]
[BlackClock "0:00:26"]

1. Nf3 d5 2. e3 c5 3. c4 Nf6 4. cxd5 Nxd5 5. Nc3 g6 6. Qb3 Nxc3 7. bxc3 Bg7 8. Bc4 O-O 9. Ng5 e6 10. h4 Nc6 11. Be2 Ne5 12. d4 c4 13. Qc2 Nd3+ 14. Bxd3 cxd3 15. Qxd3 e5 16. O-O Bg4 17. Ba3 Re8 18. Qc4 Qd7 19. f3 h6 20. Qxf7+ Qxf7 21. Nxf7 Be6 22. Nd6 Re7 23. Nf5 Rc7 24. Nxg7 Kxg7 25. Bd6 Rxc3 26. Bxe5+ Kf7 27. Rfc1 Rac8 28. Rxc3 Rxc3 29. d5 Rxe3 30. dxe6+ Kxe6 31. Bd4 Ra3 32. Bg7 g5 33. hxg5 hxg5 34. Bh6 Kf5 35. Rb1 Rxa2 36. Rxb7 g4 37. Rb5+ Kg6 38. Be3 gxf3 39. gxf3 a5 40. Bf2 a4 41. Kg2 a3 42. Ra5 Ra1 43. Kg3 a2 44. Kg2 Kf6 45. Bd4+ Ke6 46. Bxa1 Kd6 47. Rxa2 Kc6 48. Re2 Kb6 49. Kg3 Kb7 50. Kg4 Kc7 51. f4 Kd7 52. f5 Kd8 53. Be5 Kd7 54. Kg5 Kc6 55. Kg6 Kb5 56. f6 Kc4 57. f7 Kd3 58. Re1 Kd2 59. Rh1 Ke2 60. f8=Q Ke3 61. Qf4+ Kd3 62. Rh3+ Kc2 63. Qf2+ Kb1 64. Rh1# 1-0


[Site "https://www.chess.com"]

[Event "Titled Tuesday Blitz June 28 Early 2022"]
[White "Kapitsyn, Mark"]
[Black "Prieto Aranguren, Alain"]
[WhiteFideId "4116240"]
[BlackFideId "2268906"]
[WhiteElo "2286"]
[BlackElo "2224"]
[Result "1-0"]
[Round "11"]
[TimeControl "180+1"]
[Date "2022.06.28"]
[WhiteClock "0:00:09"]
[BlackClock "0:01:12"]

1. e4 c6 2. c4 d5 3. cxd5 cxd5 4. exd5 Nf6 5. Qa4+ Bd7 6. Qb3 Qb6 7. Nc3 g6 8. Bc4 Bg7 9. Nf3 O-O 10. O-O Ne8 11. d3 Nd6 12. Be3 Qxb3 13. Bxb3 Na6 14. a3 Rac8 15. Rac1 Nc5 16. Bxc5 Rxc5 17. Rfe1 Bf6 18. d4 Rc7 19. Ne4 Rxc1 20. Nxf6+ exf6 21. Rxc1 Rc8 22. Rxc8+ Bxc8 23. h3 Kf8 24. Kf1 Ke7 25. Ke2 Nb5 26. Ke3 Nc7 27. a4 Kd6 28. Nd2 Nxd5+ 29. Bxd5 Kxd5 30. Kd3 f5 31. Kc3 Bd7 32. b3 Bc6 33. f3 h6 34. Nc4 Ke6 35. Ne5 Bd5 36. a5 f4 37. Nd3 Kf5 38. Nb4 Be6 39. d5 Bd7 40. Kd4 Kg5 41. Ke5 Kh4 42. Kd6 Bf5 43. Kc7 Kg3 44. d6 Kxg2 45. d7 Bxd7 46. Kxd7 Kxf3 47. Nd3 Kg3 48. Kc7 f3 49. Kxb7 f2 50. Nxf2 Kxf2 51. Kxa7 Kg2 52. Kb6 f5 53. a6 f4 54. a7 f3 55. a8=Q Kg3 56. Qb8+ Kxh3 57. Qf4 Kg2 58. Qg4+ Kf2 59. Qxg6 Ke1 60. Qe4+ Kf2 61. b4 Kg2 62. Kc5 h5 63. Kd4 h4 64. Ke3 h3 65. Qxf3+ Kh2 66. Qg4 1-0


[Site "https://www.chess.com"]

[Event "Titled Tuesday Blitz June 28 Early 2022"]
[White "Khamdamova, Afruza"]
[Black "Fernandez Siles, Luis"]
[WhiteFideId "14210444"]
[BlackFideId "2209420"]
[WhiteElo "1660"]
[BlackElo "2211"]
[Result "1-0"]
[Round "11"]
[TimeControl "180+1"]
[Date "2022.06.28"]
[WhiteClock "0:00:29"]
[BlackClock "0:00:03"]

1. e4 c5 2. Nf3 Nc6 3. d4 cxd4 4. Nxd4 Nf6 5. Nc3 e5 6. Ndb5 d6 7. Nd5 Nxd5 8. exd5 Nb8 9. a4 Be7 10. Be3 a6 11. Na3 O-O 12. Be2 f5 13. f3 Bh4+ 14. g3 Bg5 15. Bf2 f4 16. O-O Bh3 17. Re1 Nd7 18. Nc4 Nf6 19. Nb6 Rb8 20. c4 e4 21. Bd4 fxg3 22. hxg3 exf3 23. Bxf3 Nd7 24. Nxd7 Qxd7 25. Kh2 Bf5 26. g4 Bg6 27. Re6 Rf4 28. Be3 Qf7 29. Bxf4 Qxf4+ 30. Kg2 Bh4 31. Qe2 Rf8 32. Rf1 Qg3+ 33. Kh1 Qh3+ 34. Kg1 Bg3 35. Qg2 Qh4 36. Qh1 Qg5 37. Qh3 Be5 38. Kg2 Qd2+ 39. Rf2 Qd4 40. Re2 1-0


[Site "https://www.chess.com"]

[Event "Titled Tuesday Blitz June 28 Early 2022"]
[White "Kohler, Aran"]
[Black "Daeschler, Florian"]
[WhiteFideId "1002856"]
[BlackFideId "20678193"]
[WhiteElo "2280"]
[BlackElo "2221"]
[Result "0-1"]
[Round "11"]
[TimeControl "180+1"]
[Date "2022.06.28"]
[WhiteClock "0:00:04"]
[BlackClock "0:00:23"]

1. c4 Nf6 2. Nc3 e6 3. Nf3 d5 4. d4 dxc4 5. Qa4+ Nc6 6. Qxc4 Nd5 7. a3 Nxc3 8. bxc3 Bd6 9. g3 O-O 10. Bg2 e5 11. dxe5 Nxe5 12. Nxe5 Bxe5 13. O-O c6 14. Bf4 Be6 15. Qb4 Bxf4 16. Qxf4 Qe7 17. Rfb1 Rfd8 18. Qb4 Rd7 19. Qxe7 Rxe7 20. Rd1 Bg4 21. f3 Be6 22. e4 Kf8 23. Rd6 Rd7 24. Rad1 Ke7 25. Rxd7+ Bxd7 26. Kf2 Rd8 27. Ke3 Be6 28. Rxd8 Kxd8 29. Kd4 Kc7 30. Bf1 Kd6 31. f4 c5+ 32. Ke3 Kc6 33. f5 Bb3 34. c4 a6 35. e5 b5 36. Bg2+ Kd7 37. cxb5 axb5 38. g4 b4 39. axb4 cxb4 40. Kd4 Bd1 41. h3 Be2 42. Bd5 Ke7 43. g5 Bf1 0-1


[Site "https://www.chess.com"]

[Event "Titled Tuesday Blitz June 28 Early 2022"]
[White "Kollars, Dmitrij"]
[Black "Seo, Jung Min"]
[WhiteFideId "12909572"]
[BlackFideId "1734687"]
[WhiteElo "2584"]
[BlackElo "2414"]
[Result "1-0"]
[Round "11"]
[TimeControl "180+1"]
[Date "2022.06.28"]
[WhiteClock "0:00:11"]
[BlackClock "0:00:25"]

1. Nf3 Nf6 2. g3 d5 3. Bg2 g6 4. O-O Bg7 5. c4 c6 6. d4 O-O 7. a4 Bf5 8. Nc3 Qb6 9. a5 Qa6 10. Ne5 Nbd7 11. Nxd7 Bxd7 12. cxd5 cxd5 13. Qb3 e6 14. Bf4 Rfc8 15. e3 Nh5 16. Be5 Bxe5 17. dxe5 Rab8 18. Rfc1 Qc4 19. Qa3 Qc5 20. b4 Qe7 21. Ne2 Ng7 22. Nd4 Nf5 23. Nxf5 gxf5 24. Qb2 Bb5 25. Qd4 a6 26. h3 Rc4 27. Rxc4 Bxc4 28. Rb1 Rc8 29. Bf3 Bb5 30. Qd2 Kg7 31. Bd1 Qc7 32. e4 Qxe5 33. exd5 Qxd5 34. Qxd5 exd5 35. Bf3 Bc4 36. Rd1 Rd8 37. Bg2 Kf6 38. f4 Ke6 39. Kf2 Kd6 40. Re1 f6 41. h4 Bb5 42. Bxd5 Rd7 43. Bf3 Rc7 44. Rd1+ Ke7 45. Re1+ Kd6 46. Rd1+ Ke7 47. Rd4 Rc2+ 48. Ke1 Bc6 49. Bxc6 Rxc6 50. Kd2 Ke6 51. Kd3 Rc1 52. Rc4 Rg1 53. Rc7 Rxg3+ 54. Kd4 Rg4 55. Ke3 Rxh4 56. Rxb7 Rh3+ 57. Kd4 Rf3 58. Rb6+ Kd7 59. Rxa6 Rxf4+ 60. Kc5 h5 61. Rxf6 h4 62. a6 Rf1 63. a7 Ra1 64. Rf8 1-0


[Site "https://www.chess.com"]

[Event "Titled Tuesday Blitz June 28 Early 2022"]
[White "Kuzmin, Roman"]
[Black "Ladan, Nicholas"]
[WhiteFideId "44134932"]
[BlackFideId "30918855"]
[WhiteElo "1968"]
[BlackElo "2167"]
[Result "1-0"]
[Round "11"]
[TimeControl "180+1"]
[Date "2022.06.28"]
[WhiteClock "0:01:04"]
[BlackClock "0:00:22"]

1. e4 e5 2. Nf3 Nc6 3. Bb5 a6 4. Ba4 g6 5. c3 Bg7 6. O-O d6 7. d3 Nf6 8. Nbd2 O-O 9. Re1 Nh5 10. Nf1 h6 11. h3 Kh7 12. d4 exd4 13. Nxd4 Nxd4 14. cxd4 b5 15. Bc2 Bb7 16. e5 dxe5 17. Qxh5 exd4 18. Qd1 c5 19. Bf4 c4 20. Be4 Bxe4 21. Rxe4 d3 22. Be5 Qd5 23. Bxg7 Qxe4 24. Bxf8 Rxf8 25. Qd2 Re8 26. Ne3 f5 27. Re1 Qc6 28. Nd1 Re4 29. Nc3 Rxe1+ 30. Qxe1 b4 31. Qe7+ Kg8 32. Qxb4 d2 33. Qb8+ Kf7 34. Qa7+ Ke6 35. Qd4 Qd6 36. Qxd6+ Kxd6 37. Kf1 1-0


[Site "https://www.chess.com"]

[Event "Titled Tuesday Blitz June 28 Early 2022"]
[White "Large, Peter G"]
[Black "Mrudul Dehankar"]
[WhiteFideId "400866"]
[BlackFideId "25096990"]
[WhiteElo "2064"]
[BlackElo "1766"]
[Result "1-0"]
[Round "11"]
[TimeControl "180+1"]
[Date "2022.06.28"]
[WhiteClock "0:00:19"]
[BlackClock "0:00:01"]

1. Nf3 Nf6 2. b3 d5 3. Bb2 Bf5 4. g3 e6 5. Bg2 h6 6. d3 Be7 7. Nbd2 c6 8. O-O Nbd7 9. c4 O-O 10. a3 a5 11. Ra2 Bh7 12. Qa1 b5 13. Rc1 Qb6 14. Ne5 Rfc8 15. Nxd7 Nxd7 16. Bxg7 Bg5 17. h4 Be7 18. Bxh6 Bf6 19. Qb1 bxc4 20. bxc4 Rcb8 21. Qxb6 Rxb6 22. cxd5 cxd5 23. Be3 Rb5 24. Nf3 Rab8 25. Bg5 Bb2 26. Rc2 Nc5 27. Be3 Nxd3 28. exd3 Bxd3 29. Rd2 Bc4 30. Raxb2 Rxb2 31. Rxb2 Rxb2 32. g4 Ra2 33. Bc5 Ra1+ 34. Kh2 f6 35. g5 Kf7 36. Kg3 e5 37. h5 e4 38. g6+ Kg7 39. Nd4 1-0


[Site "https://www.chess.com"]

[Event "Titled Tuesday Blitz June 28 Early 2022"]
[White "Lashkin, Jegor"]
[Black "Dankhazi, Andras"]
[WhiteFideId "13907808"]
[BlackFideId "714267"]
[WhiteElo "2368"]
[BlackElo "2325"]
[Result "1-0"]
[Round "11"]
[TimeControl "180+1"]
[Date "2022.06.28"]
[WhiteClock "0:00:29"]
[BlackClock "0:00:01"]

1. d4 d5 2. c4 e6 3. Nc3 c6 4. e3 Nd7 5. Nf3 f5 6. Bd3 Ngf6 7. O-O Bd6 8. b3 O-O 9. Bb2 Qe7 10. Ne2 Ne4 11. Ne5 Nxe5 12. dxe5 Bc7 13. Qc2 Bd7 14. Rac1 Rac8 15. f3 Ng5 16. Qd2 Nf7 17. f4 dxc4 18. Bxc4 c5 19. Nc3 Bc6 20. Qe2 a6 21. a4 Ba5 22. Rfd1 Rfd8 23. h3 Qe8 24. Kh2 Rxd1 25. Nxd1 Rd8 26. Bd3 Bb4 27. Nf2 b5 28. axb5 axb5 29. Bc3 Ba3 30. Ra1 b4 31. Bb2 Bxb2 32. Qxb2 Ra8 33. Rc1 Ra5 34. Qc2 Qa8 35. e4 fxe4 36. Bxe4 Bxe4 37. Nxe4 Ra2 38. Qd3 h6 39. Qf3 Qd5 40. Rxc5 Qd4 41. Rc8+ Kh7 42. Rc4 Qa1 43. Qd3 g6 44. Nf6+ Kg7 45. Ne8+ Kf8 46. Rc8 Qf1 47. Qxf1 1-0


[Site "https://www.chess.com"]

[Event "Titled Tuesday Blitz June 28 Early 2022"]
[White "Magallanes, Rey Jomar"]
[Black "Mangialardo, Tiago Carvalho"]
[WhiteFideId "5205948"]
[BlackFideId "2130718"]
[WhiteElo "2179"]
[BlackElo "2073"]
[Result "1/2-1/2"]
[Round "11"]
[TimeControl "180+1"]
[Date "2022.06.28"]
[WhiteClock "0:01:02"]
[BlackClock "0:00:03"]

1. e4 e5 2. Nf3 Nc6 3. Bc4 Bc5 4. d3 Nf6 5. c3 O-O 6. a4 a5 7. O-O h6 8. Nbd2 d6 9. Re1 Bg4 10. Nf1 Bh5 11. Be3 Bxe3 12. Nxe3 Re8 13. Nf5 Ne7 14. Ng3 Bg6 15. d4 exd4 16. cxd4 Nc6 17. e5 dxe5 18. dxe5 Ng4 19. e6 Qxd1 20. Raxd1 Nf6 21. Ne5 Nxe5 22. Rxe5 fxe6 23. Bxe6+ Bf7 24. Bxf7+ Kxf7 25. Rde1 Rxe5 26. Rxe5 Rd8 27. h3 Rd2 28. Rxa5 Rxb2 29. Ra7 c5 30. a5 Ke6 31. a6 bxa6 32. Rxa6+ Kd5 33. Ra7 c4 34. Rxg7 c3 35. Rc7 c2 36. Kh2 Ne4 37. Nf5 Nc5 38. Ne3+ Kd4 39. Nxc2+ Rxc2 40. Rh7 Rxf2 41. Rxh6 Ne4 42. Kg1 Rb2 43. g4 Ke3 44. Re6 Kf3 45. h4 Kg3 46. Kf1 Nd2+ 47. Ke2 Kxg4 48. Rh6 Nf3+ 49. Kd3 Rb4 50. h5 Ne5+ 51. Ke3 Rb5 52. Rh8 Kg5 53. h6 Ng4+ 54. Kf3 Nxh6 55. Rf8 Nf5 56. Rg8+ Kf6 57. Rf8+ Kg7 58. Rd8 Kf6 59. Rf8+ Ke5 60. Re8+ Kf6 1/2-1/2


[Site "https://www.chess.com"]

[Event "Titled Tuesday Blitz June 28 Early 2022"]
[White "Maiorov, Nikita"]
[Black "Ladopoulos, Dimitrios"]
[WhiteFideId "13501720"]
[BlackFideId "4239580"]
[WhiteElo "2417"]
[BlackElo "2195"]
[Result "0-1"]
[Round "11"]
[TimeControl "180+1"]
[Date "2022.06.28"]
[WhiteClock "0:00:27"]
[BlackClock "0:00:04"]

1. d4 e6 2. c4 b6 3. e4 Bb7 4. Bd3 Nc6 5. Ne2 Nb4 6. Nbc3 Nxd3+ 7. Qxd3 Ne7 8. O-O Ng6 9. d5 e5 10. a4 a5 11. Be3 Bb4 12. f4 exf4 13. Nxf4 Ne5 14. Qe2 Bxc3 15. bxc3 Ba6 16. Nh5 O-O 17. Bd4 Bxc4 18. Qe3 Bxf1 19. Bxe5 f6 20. Qg3 Qe7 21. Bxf6 Rxf6 22. Nxf6+ Qxf6 23. Rxf1 Qd6 24. Qf3 Rf8 25. Qe3 Qe5 26. Rxf8+ Kxf8 27. h3 Ke7 28. Qd3 h6 29. Qe3 Qg5 30. Qd4 d6 31. Qc4 Qe3+ 32. Kf1 Kd8 33. Qd4 Qxd4 34. cxd4 b5 35. Ke2 bxa4 36. Kd2 Kd7 37. Kc3 c6 38. dxc6+ Kxc6 39. Kb2 Kb5 40. Kc3 a3 41. Kb3 a2 42. Kxa2 Kc4 43. e5 dxe5 44. dxe5 Kd5 45. Ka3 Kxe5 46. Ka4 Kf4 47. Kxa5 Kg3 0-1


[Site "https://www.chess.com"]

[Event "Titled Tuesday Blitz June 28 Early 2022"]
[White "Manukian, Artak"]
[Black "Elgersma, Onno"]
[WhiteFideId "13301373"]
[BlackFideId "1053531"]
[WhiteElo "2468"]
[BlackElo "2304"]
[Result "0-1"]
[Round "11"]
[TimeControl "180+1"]
[Date "2022.06.28"]
[WhiteClock "0:00:02"]
[BlackClock "0:00:21"]

1. e4 c6 2. d4 d5 3. e5 Bf5 4. Nf3 e6 5. c4 Ne7 6. Nc3 Nd7 7. Nh4 Bg6 8. Bg5 Qb6 9. Qd2 Nf5 10. Nxf5 Bxf5 11. cxd5 cxd5 12. Bb5 Bb4 13. O-O h6 14. Bxd7+ Kxd7 15. Be3 Rac8 16. Rfc1 Bxc3 17. bxc3 Qa6 18. h3 b6 19. a4 Qd3 20. Qb2 Rc6 21. a5 b5 22. a6 Rb8 23. Qb4 Qc4 24. g4 Be4 25. g5 Qe2 26. Kh2 hxg5 27. Rg1 f6 28. Rae1 Qf3 29. Rg3 Qf5 30. f4 Rxa6 31. Qb2 b4 32. cxb4 Rc6 33. Re2 a5 34. b5 Rcb6 35. Qa3 Rh8 36. Qxa5 Rhb8 37. Qa7+ R8b7 38. Qa8 Rxb5 39. Qf8 Rb1 40. Qxg7+ Kc6 0-1


[Site "https://www.chess.com"]

[Event "Titled Tuesday Blitz June 28 Early 2022"]
[White "Martinez Alcantara, Jose Eduardo"]
[Black "Tifferet, Shaked"]
[WhiteFideId "3805662"]
[BlackFideId "2811529"]
[WhiteElo "2703"]
[BlackElo "2083"]
[Result "1-0"]
[Round "11"]
[TimeControl "180+1"]
[Date "2022.06.28"]
[WhiteClock "0:00:59"]
[BlackClock "0:00:02"]

1. e4 e5 2. Nf3 Nc6 3. Bb5 a6 4. Ba4 Nf6 5. d3 b5 6. Bb3 Be7 7. Nc3 O-O 8. a3 d6 9. O-O Bg4 10. Be3 Nd4 11. Bxd4 exd4 12. Nd5 Nxd5 13. Bxd5 Rb8 14. h3 Bh5 15. g4 Bg6 16. Nxd4 Qd7 17. f4 h6 18. Nc6 Rb6 19. Nxe7+ Qxe7 20. f5 Bh7 21. Qf3 Qf6 22. c3 c6 23. Ba2 Rd8 24. d4 Rb7 25. Rae1 Re7 26. Re3 Rde8 27. Rfe1 c5 28. dxc5 dxc5 29. e5 Qb6 30. Bd5 c4 31. e6 fxe6 32. Bxe6+ Kh8 33. Qf2 Qd6 34. Re4 Bg8 35. Qe3 Bxe6 36. Re2 Qd1+ 37. Kh2 Qd6+ 38. Qg3 Qd5 39. Re5 Qd7 40. Qe3 Qd6 41. Kg1 Qd1+ 42. Re1 Qd6 43. Qd4 Qc6 44. Kf2 Kh7 45. Qe3 Kh8 46. fxe6 Qd6 47. Qd4 Rf8+ 48. Kg3 Qc6 49. R1e4 Qc8 50. h4 Qe8 51. h5 Rf6 52. Rd5 Kh7 53. Rd8 Qc6 54. Rd6 Qc8 55. Re5 Rexe6 56. Qe4+ Rg6 57. Rdxe6 Qxe6 58. hxg6+ Qxg6 59. Qxg6+ Kxg6 60. Re6+ Kg5 61. Rxa6 g6 62. Ra5 Kf6 63. Rxb5 h5 64. Rb4 Kg5 65. gxh5 gxh5 66. Rxc4 1-0


[Site "https://www.chess.com"]

[Event "Titled Tuesday Blitz June 28 Early 2022"]
[White "Matveeva, Olga"]
[Black "Horak, Martin"]
[WhiteFideId "24107018"]
[BlackFideId "367095"]
[WhiteElo "2052"]
[BlackElo "1997"]
[Result "1-0"]
[Round "11"]
[TimeControl "180+1"]
[Date "2022.06.28"]
[WhiteClock "0:00:15"]
[BlackClock "0:00:05"]

1. d4 Nf6 2. c4 e6 3. g3 Bb4+ 4. Bd2 a5 5. Bg2 O-O 6. e4 d6 7. Ne2 Nc6 8. O-O e5 9. Be3 exd4 10. Nxd4 Re8 11. Qc2 Ng4 12. Nxc6 Nxe3 13. fxe3 bxc6 14. e5 Rxe5 15. Bxc6 Rb8 16. Nc3 Bc5 17. Nd5 Bxe3+ 18. Nxe3 Rxe3 19. Rxf7 Be6 20. Rf2 Qg5 21. Raf1 Qc5 22. Bg2 Qxc4 23. Qd2 Qc5 24. Rc1 Qe5 25. Rxc7 Re1+ 26. Bf1 Bh3 27. Qf4 Qxf4 28. Rxf4 g5 29. Rff7 Rf8 30. Rg7+ Kh8 31. Rxh7+ Kg8 32. Rcg7# 1-0


[Site "https://www.chess.com"]

[Event "Titled Tuesday Blitz June 28 Early 2022"]
[White "Melikhov, Evgeny V."]
[Black "Kanyamarala, Trisha"]
[WhiteFideId "4122046"]
[BlackFideId "45004722"]
[WhiteElo "1904"]
[BlackElo "2134"]
[Result "1-0"]
[Round "11"]
[TimeControl "180+1"]
[Date "2022.06.28"]
[WhiteClock "0:00:28"]
[BlackClock "0:00:04"]

1. d4 Nf6 2. c4 e6 3. Nc3 d5 4. cxd5 exd5 5. Bg5 c6 6. Qc2 Be7 7. e3 O-O 8. Bd3 Nbd7 9. Nf3 Nb6 10. O-O h6 11. Bh4 Be6 12. Ne5 Rc8 13. f4 c5 14. h3 Nc4 15. Qf2 cxd4 16. exd4 Rc7 17. Rae1 a6 18. Ng6 fxg6 19. Rxe6 g5 20. fxg5 Ne4 21. Qe2 Rxf1+ 22. Qxf1 Bxg5 23. Bxg5 Nxg5 24. Re1 Rf7 25. Qe2 Nd6 26. Nxd5 Nf5 27. Bxf5 Qxd5 28. Qe8+ Rf8 29. Be6+ Nxe6 30. Qxe6+ Qxe6 31. Rxe6 Rd8 32. Re4 Rc8 33. Kf2 Rc2+ 34. Re2 Rc1 35. Rd2 Kf7 36. d5 Ke7 37. d6+ Kd7 38. Ke3 Rc6 39. Ke4 Rxd6 40. Rxd6+ Kxd6 41. Kf5 Ke7 42. Kg6 Kf8 43. a4 a5 44. h4 Kg8 45. h5 Kf8 46. Kf5 Ke7 47. Ke5 Kd7 48. Kd5 b6 49. b3 Kc7 50. Ke6 Kc6 51. Kf7 Kc5 52. Kxg7 Kb4 53. Kxh6 Kxb3 54. g4 Kxa4 55. g5 b5 56. g6 b4 57. g7 b3 58. g8=Q Kb4 59. Qf8+ Kc3 60. Qa3 Kc2 61. Qxa5 b2 62. Qc5+ 1-0


[Site "https://www.chess.com"]

[Event "Titled Tuesday Blitz June 28 Early 2022"]
[White "Melkumyan, Hrant"]
[Black "Araujo Sanchez, Josue"]
[WhiteFideId "13302485"]
[BlackFideId "6416896"]
[WhiteElo "2604"]
[BlackElo "2339"]
[Result "1-0"]
[Round "11"]
[TimeControl "180+1"]
[Date "2022.06.28"]
[WhiteClock "0:00:37"]
[BlackClock "0:00:02"]

1. Nf3 c5 2. e3 d5 3. b3 Nf6 4. Bb2 e6 5. c4 Bd6 6. cxd5 exd5 7. Bb5+ Nc6 8. d4 O-O 9. dxc5 Bxc5 10. O-O a6 11. Bxc6 bxc6 12. Nc3 Bd6 13. Rc1 Re8 14. Ne2 Bd7 15. Ng3 a5 16. Nd4 Rc8 17. Ndf5 Bf8 18. Qf3 Ne4 19. Nxe4 Rxe4 20. Rfd1 Qg5 21. Ng3 Ree8 22. Rd4 Be6 23. h4 Qh6 24. Nf5 Qg6 25. Rf4 h5 26. Bc3 Ra8 27. Bd4 Rec8 28. Bc5 Bxf5 29. Rxf5 Bxc5 30. Rxc5 a4 31. Qxh5 Qxh5 32. Rxh5 axb3 33. axb3 Rab8 34. Rc3 f6 35. Rf5 Kf7 36. Rf4 c5 37. Rg4 Rb5 38. Rd3 Rd8 39. h5 Rd7 40. Ra4 Ke6 41. g4 Rdb7 42. Ra6+ Ke5 43. Rc3 Rxb3 44. Rxc5 R3b5 45. Rcc6 Ke4 46. Kg2 d4 47. Re6+ Kd3 48. Rad6 Rb4 49. Kf3 Kc3 50. exd4 Rxd4 51. Re3+ Kc4 52. Re4 Rxe4 53. Kxe4 Rb2 54. f4 Re2+ 55. Kf5 Re7 56. Rd8 Kc5 57. Kg6 Kc6 58. g5 fxg5 59. fxg5 Kc7 60. Rf8 Kd6 61. Rf7 1-0


[Site "https://www.chess.com"]

[Event "Titled Tuesday Blitz June 28 Early 2022"]
[White "Mikhalsky, Vladimir"]
[Black "Bringas Gomez, Artai"]
[WhiteFideId "14144352"]
[BlackFideId "24534064"]
[WhiteElo "2301"]
[BlackElo "1988"]
[Result "1-0"]
[Round "11"]
[TimeControl "180+1"]
[Date "2022.06.28"]
[WhiteClock "0:00:09"]
[BlackClock "0:00:05"]

1. d4 d5 2. c4 c6 3. Nf3 e6 4. Nc3 dxc4 5. a4 Bb4 6. e4 b5 7. Bd2 Nf6 8. e5 Bxc3 9. bxc3 Nd5 10. Qc2 a5 11. h4 Nd7 12. Rh3 N7b6 13. axb5 cxb5 14. Rg3 g6 15. h5 Bb7 16. Be2 b4 17. Ng5 Nxc3 18. Bxc3 bxc3 19. Qxc3 h6 20. Nf3 g5 21. Rb1 Bd5 22. Nd2 Qc7 23. Qa3 f5 24. exf6 Kf7 25. Rxb6 Rhb8 26. Rxb8 Rxb8 27. Qe7+ Qxe7 28. fxe7 a4 29. Bxc4 Kxe7 30. Bxd5 exd5 31. Ra3 Rb4 32. Nf3 Ke6 33. Kd2 Rc4 34. g4 Kd6 35. Kd3 Ke6 36. Nd2 Rb4 37. Kc3 Rb8 38. Rxa4 Rf8 39. Ra6+ Ke7 40. f3 Rh8 41. Kd3 Kd7 42. Nf1 Ke7 43. Ne3 Kd7 44. Nxd5 Rb8 45. Nf6+ Ke7 46. Ke4 Kf7 47. Nd5 Kg7 48. Kf5 Rf8+ 49. Rf6 Rd8 50. Rg6+ Kh7 51. Ke5 Re8+ 52. Re6 Rf8 53. Nf6+ Kh8 54. Re7 Rf7 55. Re8+ Kg7 56. Re6 Ra7 57. d5 Ra5 58. Re7+ Kf8 59. Rh7 Ra4 60. Rxh6 Ra5 61. Rg6 Kf7 62. Rxg5 Ra1 63. Rf5 Re1+ 64. Ne4+ Kg7 65. d6 Rd1 66. Ke6 Rd4 67. d7 Rd3 68. Rd5 Rxf3 69. d8=Q Rf7 70. Qg5+ Kh8 71. Qh6+ Kg8 72. Rd8+ Rf8 73. Nf6# 1-0


[Site "https://www.chess.com"]

[Event "Titled Tuesday Blitz June 28 Early 2022"]
[White "Mitrovic, Darko R"]
[Black "Martinez, Shawn"]
[WhiteFideId "927023"]
[BlackFideId "2039770"]
[WhiteElo "2150"]
[BlackElo "2174"]
[Result "0-1"]
[Round "11"]
[TimeControl "180+1"]
[Date "2022.06.28"]
[WhiteClock "0:00:04"]
[BlackClock "0:00:49"]

1. d4 g6 2. c4 Bg7 3. Nf3 h6 4. e4 b6 5. Nc3 Bb7 6. Bd3 a6 7. O-O d6 8. Be3 e6 9. Qe2 g5 10. Nd2 e5 11. dxe5 dxe5 12. Rfd1 Ne7 13. Nd5 Nbc6 14. Rac1 O-O 15. Nf1 Nd4 16. Bxd4 exd4 17. Ng3 Ng6 18. Nf5 c5 19. Rf1 Bxd5 20. exd5 Re8 21. Qh5 Nf4 22. Qf3 Qf6 23. g3 Nxd3 24. Qxd3 Re5 25. Nxg7 Kxg7 26. f4 Re3 27. fxg5 Qxg5 28. Qf5 Qxf5 29. Rxf5 Ra7 30. Rcf1 b5 31. b3 bxc4 32. bxc4 Rc3 33. R1f4 Rxc4 34. Rg4+ Kf8 35. Rf6 Rd7 36. Rxa6 Rxd5 37. Rxh6 d3 0-1


[Site "https://www.chess.com"]

[Event "Titled Tuesday Blitz June 28 Early 2022"]
[White "Mogirzan, Matei-Valeriu"]
[Black "Thorhallsson, Simon"]
[WhiteFideId "1257455"]
[BlackFideId "2310090"]
[WhiteElo "1733"]
[BlackElo "2137"]
[Result "1-0"]
[Round "11"]
[TimeControl "180+1"]
[Date "2022.06.28"]
[WhiteClock "0:00:38"]
[BlackClock "0:01:59"]

1. e4 d5 2. exd5 Qxd5 3. Nc3 Qd6 4. Nf3 Nf6 5. d4 c6 6. Bc4 Bg4 7. h3 Bxf3 8. Qxf3 Qxd4 9. Bb3 e6 10. Be3 Qd8 11. O-O Be7 12. Rad1 Qc7 13. Ne4 Nxe4 14. Qxe4 O-O 15. f4 Nd7 16. f5 Nc5 17. Qg4 Nxb3 18. f6 Bxf6 19. Rxf6 Qc8 20. Bh6 g6 21. Bxf8 Qd8 22. Rxd8 1-0


[Site "https://www.chess.com"]

[Event "Titled Tuesday Blitz June 28 Early 2022"]
[White "Mosutha, Thuso"]
[Black "Sarkar, Justin"]
[WhiteFideId "11302550"]
[BlackFideId "2010011"]
[WhiteElo "2028"]
[BlackElo "2020"]
[Result "0-1"]
[Round "11"]
[TimeControl "180+1"]
[Date "2022.06.28"]
[WhiteClock "0:01:30"]
[BlackClock "0:00:03"]

1. d4 Nf6 2. Bf4 e6 3. Nf3 c5 4. e3 Nc6 5. c3 d5 6. Bd3 Bd6 7. Bg3 O-O 8. Nbd2 Re8 9. e4 Bf8 10. e5 Nh5 11. h4 Nxg3 12. fxg3 cxd4 13. Bxh7+ Kxh7 14. Ng5+ Kg6 15. Qg4 Nxe5 16. h5+ Kh6 17. Qf4 Nd3+ 18. Ke2 Nxf4+ 19. gxf4 Qf6 20. g3 dxc3 21. bxc3 Qf5 22. Kf2 f6 23. Ngf3 e5 24. Rh4 Qd3 25. fxe5 fxe5 26. g4 e4 27. g5+ Kh7 28. g6+ Kh6 29. Re1 exf3 30. Rxe8 Qxd2+ 31. Kxf3 Bg4+ 32. Kxg4 Rxe8 33. Kh3 Re3+ 34. Kg4 Qg2+ 35. Kf5 Qf3+ 36. Rf4 Re5+ 37. Kxe5 Bd6+ 38. Kxd6 Qxf4+ 39. Kxd5 Kxh5 40. c4 Kxg6 41. c5 Kf6 42. c6 bxc6+ 43. Kxc6 Qf3+ 44. Kb5 Qa3 45. Kc4 Qxa2+ 46. Kc5 a5 47. Kc6 a4 48. Kd7 Qb3 49. Kc7 Qb4 50. Kd7 Ke5 51. Ke8 Qb6 52. Kf8 Qb7 53. Kg8 Kf6 54. Kh8 g5 55. Kg8 Qg7# 0-1


[Site "https://www.chess.com"]